 Dungeon Sprint DCSS version 0.30-a0-23-ge60ba3568b (webtiles) character file.

Game seed: 10737136538678928661

57887 mhtbhm the Ninja (level 13, 0/69 HPs)
             Began as a Spriggan Brigand on Aug 25, 2022.
             Was the Champion of Dithmenos.
             Succumbed to poison (dark miasma)
             ... in the Dungeon (Sprint III: "The Ten Rune Challenge").
             The game lasted 00:15:24 (3949 turns).

mhtbhm the Ninja (Spriggan Brigand)                 Turns: 3949, Time: 00:15:25

Health: 0/69       AC:  5    Str: 10    XL:     13   Next: 17%
Magic:  26/26      EV: 32    Int: 16    God:    Dithmenos [******]
Gold:   404        SH:  0    Dex: 21    Spells: 12/12 levels left

rFire   + . .      SeeInvis +    r - +5 short sword (elec)
rCold   . . .      Faith    .    (no shield)
rNeg    . . .      Spirit   .    b - +2 robe {rF+}
rPois   +          Reflect  .    (helmet restricted)
rElec   .          Harm     .    c - +0 cloak
rCorr   .          Rampage  .    (gloves unavailable)
Will    +++..      NoTele   +    (boots unavailable) Stlth *********+
                                 t - amulet "Leawn" {rPois Will+ Regen+ Str+4}
HPRegen 1.01/turn                m - +4 ring of evasion
MPRegen 0.20/turn                (no ring)

@: lethally poisoned (0 -> -14), slowed, wreathed by umbra, quick
A: very small, no large weapons, unfitting armour, see invisible, speed 3,
antennae 1, hooves 1, clever 1
}: 2/10 runes: decaying, barnacled
a: Renounce Religion, Shadow Step, Shadow Form


You were in the Dungeon.
You worshipped Dithmenos.
Dithmenos was exalted by your worship.
You visited 1 branch You collected 2519 gold pieces.
You spent 2115 gold pieces at shops.

Inventory:

Hand Weapons
 a - a +1 vampiric rapier
 r - a +5 short sword of electrocution (weapon)
Missiles
 d - 5 poisoned darts
 e - 4 curare-tipped darts (quivered)
 g - 10 datura-tipped darts
 s - 3 boomerangs
Armour
 b - a +2 robe of fire resistance (worn)
 c - a +0 cloak (worn)
Jewellery
 m - a +4 ring of evasion (left hand)
 t - the amulet "Leawn" (around neck) {rPois Will+ Regen+ Str+4}
   (You bought it in a shop in the Dungeon)

   [amulet of regeneration]

   Str:       It affects your strength (+4).
   rPois:     It protects you from poison.
   Regen:     It increases your rate of health regeneration.
   Will:      It increases your willpower.
Scrolls
 o - a scroll of torment
 u - 2 scrolls of enchant armour
 w - a scroll of poison
 x - a scroll of vulnerability
Potions
 f - a potion of curing
 h - 3 potions of haste
 i - 5 potions of magic
 j - a potion of berserk rage
 n - 2 potions of flight
 p - 3 potions of might
 v - a potion of attraction
 z - a potion of ambrosia {unknown}
Miscellaneous
 q - a lightning rod (4/4)


   Skills:
 + Level 8.5 Fighting
 + Level 12.4 Short Blades
 + Level 16.6 Throwing
 + Level 12.1 Dodging
 O Level 27 Stealth
 * Level 16.1 Invocations
 + Level 15.2 Evocations


You had 12 spell levels left.
You didn't know any spells.
Your spell library contained the following spells:

 Spells                   Type           Power      Damage    Failure   Level
 Apportation              Tloc           0%         N/A       26%         1
 Necrotise                Necr           0%         1d4       26%         1
 Summon Small Mammal      Summ           0%         N/A       26%         1
 Airstrike                Air            0%         2d(0-16)  94%         4
 Summon Lightning Spire   Summ/Air       0%         N/A       94%         4
 Lightning Bolt           Conj/Air       0%         1d11      100%        5


Dungeon Overview and Level Annotations

Branches:
Dungeon (1/1)

Altars:
Cheibriados
Dithmenos
Elyvilon
Fedhas
Gozag
Hepliaklqana
Kikubaaqudgha
Makhleb
Nemelex Xobeh
Okawaru
Qazlal
Ru
Sif Muna
Trog
Uskayaw
Vehumet
Wu Jian
Xom
Yredelemnul
Zin
The Shining One
Jiyva
Lugonu

Shops:
D =(?([!:?*!(=*??(:[

Annotations:
D exclusion: orange crystal statue


Innate Abilities, Weirdness & Mutations

You are very small and have problems with some larger weapons.
You are too small for most types of armour.
You have supernaturally acute eyesight. (SInv)
You cover ground extremely quickly. (Speed+++)
You have a pair of small antennae on your head.
You have large cloven feet.
Your mind is acute. (Int +4, Str/Dex -1)


Message History

You spit the floating eye like a pig!!!!!
Lightning courses through the floating eye!
You kill the floating eye!
Dithmenos accepts your kill.
You are engulfed in dark miasma.
You are poisoned.
You feel very sick.
You are engulfed in dark miasma.
You feel yourself slow down.
You feel very sick.
The yaktaur captain shouts!
You hear a shout!
You see here 10 scrolls of identify.
You close the door.
You are engulfed in dark miasma.
You are more poisoned.
You emit a cloud of dark smoke.
You feel extremely sick.
You feel better.
You are engulfed in dark miasma.
You are poisoned.
You feel as though you will be slow longer.
You feel extremely sick.
Throw: 4 darts (curare)
Press: ? - help, Q - select action, (/) - cycle Shift-Dir - straight line, f - you Really target yourself?
Okay, then.
You feel better.
You are engulfed in dark miasma.
* * * LOW HITPOINT WARNING * * *
Unknown command.
You are engulfed in dark miasma.
* * * LOW HITPOINT WARNING * * *
Unknown command.
You feel better.
You are engulfed in dark miasma.
* * * LOW HITPOINT WARNING * * *
Unknown command.
Press: ? - help, v - describe, . - travel, g - get item Item here: 10 scrolls of identify.
The floor.
This square is wreathed by an umbra.
There is a cloud of foul pestilence here.
You feel better.
You are engulfed in dark miasma.
You are poisoned.
* * * LOW HITPOINT WARNING * * *
You die...

≈≈≈≈≈♣♣..'.#.#.#.#.......
♣♣♣♣♣♣♣..##.#.#.#########
♣♣♣##'######## ♣♣♣♣♣♣♣
#...'.§≈≈≈# ~~~≈..#
#.).#§§§≈≈# ~~≈...#
{#..)#.#§§≈##
~~≈○####+#####)#c≈§§###≈
~.○○○.°°.#...).###≈≈§§≈§
..'#######.....#@#c≈§§≈§
..#.....)#..)..#+###§§≈§
..#♣♣♣._†#.....#§○§#c≈≈§
### #####'#####☼§§# #≈§
#.....☼☼§§+ c#
#.######### ###### #.#
#P...# #.# ########
#†...# #.# ###.∩⌠⌠∩.#


You could see a yaktaur captain.

Vanquished Creatures
  the Lernaean hydra (D)
  Rupert (D)
  Polyphemus (D)
  Gastronok (D)
  Dowan (D)
  Ilsuiw (D)
  2 dire elephants (D)
  Snorg (D)
  A merfolk javelineer (D)
  A centaur warrior (D)
  3 hydras (D)
  4 death yaks (D)
  Urug (D)
  A spriggan druid (D)
  A death drake (D)
  3 swamp dragons (D)
  A sea snake (D)
  A lindwurm (D)
  An orc knight (D)
  A deep elf pyromancer (D)
  2 elephants (D)
  2 black mambas (D)
  Duvessa (D)
  2 cane toads (D)
  A komodo dragon (D)
  A rime drake (D)
  An unseen horror (D)
  A queen bee (D)
  2 tyrant leeches (D)
  2 orc high priests (D)
  3 dream sheep (D)
  8 blink frogs (D)
  A shadow (D)
  2 spriggans (D)
  3 redbacks (D)
  A spatial vortex (D)
  A floating eye (D)
  3 swamp drakes (D)
  3 wandering mushrooms (D)
  3 orc warriors (D)
  2 centaurs (D)
  An earth elemental (D)
  A necrophage (D)
  A water elemental (D)
  32 killer bees (D)
  An electric eel (D)
  4 orc priests (D)
  A jelly (D)
  Jessica (D)
  A necromancer (D)
  An orc wizard (D)
  A wizard (D)
  3 humans (D)
  A kobold demonologist (D)
  A phantom (D)
  11 orcs (D)
  An endoplasm (D)
  2 rats (D)
137 creatures vanquished.

Vanquished Creatures (others)
  16 plants (D)
16 creatures vanquished.

Grand Total: 153 creatures vanquished

Notes
Turn   | Place    | Note
-------+----------+-------------------------------------------
     0 | D        | mhtbhm the Spriggan Brigand began the quest for the Orb.
     0 | D        | Reached XP level 1. HP: 10/10 MP: 2/2
     5 | D        | Reached skill level 6 in Stealth
    11 | D        | Noticed Jessica
    18 | D        | Killed Jessica
    19 | D        | Reached skill level 9 in Stealth
    19 | D        | Reached XP level 2. HP: 5/15 MP: 3/3
    21 | D        | Reached XP level 3. HP: 6/18 MP: 4/4
   279 | D        | Reached skill level 10 in Stealth
   367 | D        | Noticed a water elemental
   370 | D        | Killed a water elemental
   371 | D        | Reached skill level 12 in Stealth
   371 | D        | Reached XP level 4. HP: 23/23 MP: 5/5
   395 | D        | Gained mutation: You are dopey. (Int -2) [potion of
                  | mutation]
   395 | D        | Gained mutation: You have very sharp teeth. [potion of
                  | mutation]
   396 | D        | Lost mutation: You are dopey. (Int -2) [potion of mutation]
   396 | D        | Lost mutation: You have very sharp teeth. [potion of
                  | mutation]
   396 | D        | Gained mutation: You have large cloven feet. [potion of
                  | mutation]
   396 | D        | Gained mutation: Your mind is acute. (Int +4, Str/Dex -1)
                  | [potion of mutation]
   396 | D        | Gained mutation: You have a pair of small antennae on your
                  | head. [potion of mutation]
   424 | D        | Found a shadowy altar of Dithmenos.
   424 | D        | Noticed a necrophage
   425 | D        | Found a basalt altar of Yredelemnul.
   425 | D        | Found a sacrificial altar of Ru.
   427 | D        | Reached skill level 13 in Stealth
   427 | D        | Reached XP level 5. HP: 28/28 MP: 6/6
   428 | D        | Reached skill level 5 in Throwing
   428 | D        | Reached skill level 15 in Stealth
   433 | D        | Became a worshipper of Dithmenos the Shadowed
   444 | D        | Found a glowing silver altar of Zin.
   445 | D        | Found a glowing golden altar of the Shining One.
   445 | D        | Found a white marble altar of Elyvilon.
   445 | D        | Noticed a deep elf pyromancer
   447 | D        | Killed a deep elf pyromancer
   448 | D        | Reached skill level 18 in Stealth
   448 | D        | Reached XP level 6. HP: 33/33 MP: 6/10
   448 | D        | Reached XP level 7. HP: 37/37 MP: 6/11
   459 | D        | Found a radiant altar of Vehumet.
   460 | D        | Found a shimmering blue altar of Sif Muna.
   460 | D        | Found an ancient bone altar of Kikubaaqudgha.
   462 | D        | Reached skill level 19 in Stealth
   463 | D        | Reached * piety under Dithmenos
   506 | D        | Found a hide-covered altar of Uskayaw.
   506 | D        | Found an iron altar of Okawaru.
   507 | D        | Found a bloodstained altar of Trog.
   507 | D        | Found an ornate altar of the Wu Jian Council.
   507 | D        | Noticed a human
   507 | D        | Noticed a human
   509 | D        | Killed a human
   510 | D        | Reached skill level 5 in Invocations
   510 | D        | Killed a human
   511 | D        | Reached skill level 20 in Stealth
   527 | D        | Noticed a shadow
   529 | D        | Killed a shadow
   529 | D        | Reached ** piety under Dithmenos
   530 | D        | Reached XP level 8. HP: 42/42 MP: 13/13
   663 | D        | Found a blossoming altar of Fedhas.
   663 | D        | Found a stormy altar of Qazlal.
   663 | D        | Found a snail-covered altar of Cheibriados.
   663 | D        | Found a burning altar of Makhleb.
   663 | D        | Found a shimmering altar of Xom.
   664 | D        | Found a hazy altar of Hepliaklqana.
   664 | D        | Found an opulent altar of Gozag.
   664 | D        | Found a sparkling altar of Nemelex Xobeh.
   664 | D        | Found a corrupted altar of Lugonu.
   664 | D        | Found a viscous altar of Jiyva.
   682 | D        | Reached skill level 21 in Stealth
   792 | D        | Noticed Snorg
   795 | D        | Killed Snorg
   796 | D        | Reached skill level 5 in Short Blades
   796 | D        | Reached skill level 5 in Dodging
   796 | D        | Reached skill level 22 in Stealth
  1193 | D        | Reached *** piety under Dithmenos
  1194 | D        | Reached skill level 23 in Stealth
  1194 | D        | Reached XP level 9. HP: 46/46 MP: 15/15
  1271 | D        | Noticed a centaur warrior
  1275 | D        | Killed a centaur warrior
  1276 | D        | Reached skill level 24 in Stealth
  1277 | D        | Reached skill level 5 in Fighting
  1290 | D        | Noticed an unseen horror
  1291 | D        | Killed an unseen horror
  1291 | D        | Reached **** piety under Dithmenos
  1307 | D        | Noticed a queen bee
  1311 | D        | Killed a queen bee
  1311 | D        | Reached ***** piety under Dithmenos
  1312 | D        | Reached skill level 25 in Stealth
  1312 | D        | Reached skill level 1 in Evocations
  1312 | D        | Reached ****** piety under Dithmenos
  1313 | D        | Reached skill level 26 in Stealth
  1313 | D        | Reached XP level 10. HP: 45/51 MP: 16/18
  1358 | D        | Noticed an orc knight
  1380 | D        | Killed an orc knight
  1381 | D        | Reached skill level 10 in Invocations
  1403 | D        | Reached skill level 10 in Throwing
  1441 | D        | Found Derch's Weapon Shoppe.
  1489 | D        | Bought a +1 vampiric rapier for 247 gold pieces
  1639 | D        | Bought a +5 short sword of electrocution for 448 gold
                  | pieces
  1719 | D        | Noticed Dowan
  1719 | D        | Noticed Duvessa
  1721 | D        | Killed Duvessa
  1722 | D        | Reached skill level 27 in Stealth
  1727 | D        | Killed Dowan
  1728 | D        | Reached skill level 5 in Evocations
  2270 | D        | Noticed an orange crystal statue
  2285 | D        | Found Cedur's General Store.
  2285 | D        | Found Acoffih's Magic Scroll Shop.
  2285 | D        | Found Ruehoh's Weapon Boutique.
  2285 | D        | Found Umump's Antique Armour Shoppe.
  2285 | D        | Found Sotsaynu's Jewellery Boutique.
  2285 | D        | Found Piyrchopt's Magic Scroll Emporium.
  2285 | D        | Found Wamocoq's Distillery.
  2285 | D        | Found Xevuett's Assorted Antiques.
  2285 | D        | Found Meojaus's Book Emporium.
  2285 | D        | Found Todof's Magic Scroll Emporium.
  2285 | D        | Found Juompomah's Antique Weapon Boutique.
  2327 | D        | Bought a scroll of blinking for 75 gold pieces
  2330 | D        | Bought the amulet "Leawn" {rPois Will+ Regen+ Str+4} for
                  | 772 gold pieces
  2340 | D        | Bought a potion of haste for 140 gold pieces
  2340 | D        | Bought a potion of might for 56 gold pieces
  2340 | D        | Bought a potion of curing for 42 gold pieces
  2340 | D        | Bought a potion of curing for 42 gold pieces
  2341 | D        | Bought a scroll labelled LYOGAV JANIEX for 25 gold pieces
  2341 | D        | Bought a red potion for 22 gold pieces
  2341 | D        | Bought a scroll labelled LYOGAV JANIEX for 25 gold pieces
  2341 | D        | Bought a scroll labelled LYACIECYUMN for 25 gold pieces
  2341 | D        | Bought a scroll labelled WUINYA VULULING for 25 gold pieces
  2345 | D        | Bought a scroll of identify for 20 gold pieces
  2345 | D        | Bought a scroll of identify for 20 gold pieces
  2349 | D        | Bought a scroll of identify for 20 gold pieces
  2391 | D        | Noticed a yaktaur captain
  2391 | D        | Noticed a yaktaur captain
  2576 | D        | Noticed a cane toad
  2577 | D        | Noticed a cane toad
  2581 | D        | Reached XP level 11. HP: 56/56 MP: 20/20
  2749 | D        | Noticed a lindwurm
  2752 | D        | Killed a lindwurm
  2760 | D        | Noticed Urug
  2762 | D        | Killed Urug
  2790 | D        | Reached skill level 10 in Evocations
  2870 | D        | Noticed a dire elephant
  2870 | D        | Noticed a dire elephant
  2870 | D        | Noticed Gastronok
  2898 | D        | Killed a dire elephant
  2919 | D        | Killed a dire elephant
  2936 | D        | Killed Gastronok
  2937 | D        | Reached skill level 10 in Short Blades
  2969 | D        | Noticed Rupert
  2973 | D        | Killed Rupert
  2974 | D        | Reached skill level 10 in Dodging
  2974 | D        | Reached XP level 12. HP: 63/63 MP: 23/23
  2979 | D        | Noticed a death yak
  2980 | D        | Noticed a death yak
  2982 | D        | Noticed an azure jelly
  2982 | D        | Noticed a death yak
  2982 | D        | Noticed an azure jelly
  2982 | D        | Noticed a death yak
  2983 | D        | Killed a death yak
  2984 | D        | Killed a death yak
  2996 | D        | Killed a death yak
  2997 | D        | Killed a death yak
  3104 | D        | Noticed Polyphemus
  3105 | D        | Noticed Ilsuiw
  3106 | D        | Killed Polyphemus
  3108 | D        | Killed Ilsuiw
  3109 | D        | Found Tuabump's Jewellery Shoppe.
  3138 | D        | Found Jick's Antique Weapon Boutique.
  3140 | D        | Reached skill level 15 in Throwing
  3140 | D        | Reached skill level 15 in Invocations
  3140 | D        | Found Neikaf's Magic Scroll Emporium.
  3141 | D        | Noticed a merfolk javelineer
  3172 | D        | Killed a merfolk javelineer
  3234 | D        | Got a barnacled rune of Zot
  3338 | D        | Noticed a seven-headed hydra
  3338 | D        | Noticed a seven-headed hydra
  3346 | D        | Killed a seven-headed hydra
  3380 | D        | Killed a seven-headed hydra
  3547 | D        | Found a blossoming altar of Fedhas.
  3650 | D        | Found Vyurios's Antique Armour Emporium.
  3650 | D        | Found Namy's Distillery.
  3650 | D        | Found Peakeutz's Book Shoppe.
  3787 | D        | Reached XP level 13. HP: 68/68 MP: 25/25
  3799 | D        | Bought a glowing robe for 111 gold pieces
  3819 | D        | Noticed the 27-headed Lernaean hydra
  3821 | D        | Killed the 27-headed Lernaean hydra
  3822 | D        | Reached skill level 15 in Evocations
  3827 | D        | Got a decaying rune of Zot
  3949 | D        | Succumbed to poison (dark miasma)

Illustrated notes

Levels and vault maps discovered:
D:        dungeon_sprint_mu [sprint_mu_entry_forest, sprint_mu_temple_rooms,
          sprint_mu_d1_horrors, sprint_mu_d2_genie, sprint_mu_d3_branching,
          sprint_mu_orc_legion, sprint_mu_elf_gauntlet, sprint_mu_hive_nellie,
          sprint_mu_lair_fedhas, sprint_mu_vaults_butterflies,
          sprint_mu_slime_circle, sprint_mu_swamp_cave, sprint_mu_shoals_archi,
          sprint_mu_blade_basic, sprint_mu_crypt_fortress,
          sprint_mu_tomb_spiral, sprint_mu_vestibule_basic,
          sprint_mu_gehenna_hellfire, sprint_mu_dis_giant,
          sprint_mu_tartarus_statrot, sprint_mu_cocytus_islands, sprint_mu_zot1]

Skill      XL: |  1  2  3  4  5  6  7  8  9 10 11 12 13 |
---------------+----------------------------------------+-----
Stealth        | 9 12 13 18 20 23 26 27 | 27.0
Fighting       | 2 3 4 5 6 7 8 |  8.5
Short Blades   | 3 4 5 7 10 12 | 12.4
Throwing       | 4 6 7 8 9 10 13 16 | 16.6
Dodging        | 2 3 4 5 6 7 10 11 12 | 12.1
Invocations    | 4 6 7 9 11 14 15 16 | 16.1
Evocations     | 1 7 11 14 15 | 15.2

Action                   |  1- 3 |  4- 6 |  7- 9 | 10-12 | 13-15 || total
-------------------------+-------+-------+-------+-------+-------++-------
Melee: Dagger            |    13 |     3 |    31 |    15 |       ||    62
       Kick              |       |       |    13 |    52 |       ||    65
       Punch             |       |       |     2 |     1 |       ||     3
       Short sword       |       |       |       |   120 |     3 ||   123
Throw: Dart              |    12 |       |     3 |    28 |       ||    43
       Boomerang         |       |       |       |    27 |       ||    27
Invok: Shadow Step       |       |       |       |    14 |     1 ||    15
Evoke: Lightning rod     |       |       |     4 |    42 |       ||    46
       Wand              |       |       |       |     6 |       ||     6
  Use: Potion            |       |     2 |     1 |     4 |     4 ||    11
       Scroll            |       |       |       |     9 |       ||     9
 Stab: Sleeping          |     4 |     3 |    10 |    31 |     3 ||    51
       Distracted        |       |       |     1 |       |       ||     1
Armor: Robe              |     1 |       |       |     2 |       ||     3
Dodge: Dodged            |     8 |       |    14 |   113 |       ||   135

Table legend: (Time is in decaauts)
 A = Elapsed time spent in this place.
 B = Non-inter-level travel time spent in this place.
 C = Inter-level travel time spent in this place.
 D = Time resting spent in this place.
 E = Time spent auto-exploring this place.
 F = Levels seen in this place.
 G = Mean time per level.
                   A        B        C        D        E       F      G
               +--------+--------+--------+--------+--------+-----+--------+
         Total |   3434 |   3342 |     92 |   2099 |     38 |   1 | 3434.0 |
       Dungeon |   3434 |   3342 |     92 |   2099 |     38 |   1 | 3434.0 |
               +--------+--------+--------+--------+--------+-----+--------+

Top non-repeatable levels by time:
       D: 3434 daAuts
